 Dungeon Crawl Stone Soup version 0.28-a0-429-g1448048969 (webtiles) character file.

Game seed: 13606891788451476555

1152 Gargoyl the Skirmisher (level 8, -14/67 HPs)
             Began as a Gnoll Abyssal Knight on Sept 10, 2021.
             Was a Believer of Lugonu.
             Demolished by a two-headed ogre (24 damage)
             ... on level 5 of the Dungeon.
             The game lasted 00:05:30 (4457 turns).

Gargoyl the Skirmisher (Gnoll Abyssal Knight)       Turns: 4457, Time: 00:05:30

Health: -14/67     AC: 17    Str: 13    XL:     8   Next: 38%
Magic:  12/12      EV:  4    Int: 11    God:    Lugonu [**....]
Gold:   175        SH:  4    Dex: 13    Spells: 13/13 levels left

rFire   + . .      SeeInvis .   l - +1 hand axe (elec)
rCold   . . .      Faith    .   q - +0 buckler
rNeg    . . .      Spirit   .   n - +0 plate armour
rPois   .          Reflect  .   g - +0 helmet
rElec   .          Harm     .   s - +1 cloak
rCorr   .          Rampage  .   (no gloves)
Will    .....                   r - +0 pair of boots
Stlth   ..........              (no amulet)
HPRegen 0.21/turn               f - ring of protection from fire
MPRegen 0.13/turn               (no ring)

@: no status effects
A: fangs 1, strong nose, distributed training
a: Renounce Religion, Depart the Abyss, Bend Space


You were on level 5 of the Dungeon.
You worshipped Lugonu.
Lugonu was pleased with you.
You visited 1 branch of the dungeon, and saw 5 of its levels.
You visited the Abyss 1 time.

You collected 175 gold pieces.

Inventory:

Hand Weapons
 a - a +2 hand axe
 i - a +2 trident of distortion
 l - a +1 hand axe of electrocution (weapon)
Missiles
 e - 2 datura-tipped darts
 h - 33 poisoned darts (quivered)
 o - a throwing net
Armour
 g - a +0 helmet (worn)
 n - a +0 plate armour (worn)
 q - a +0 buckler (worn)
 r - a +0 pair of boots (worn)
 s - a +1 cloak (worn)
Jewellery
 f - a ring of protection from fire (left hand)
Scrolls
 c - a scroll of blinking {unknown}
 p - a scroll of fog
Potions
 b - a potion of might {unknown}
 d - a potion of curing
 j - a potion of heal wounds {unknown}
 k - a potion of attraction {unknown}
 m - a potion of brilliance {unknown}
 t - a potion of magic {unknown}


   Skills:
 + Level 7.3 Fighting
 + Level 3.2 Short Blades
 + Level 3.2 Long Blades
 + Level 5.6 Axes
 + Level 3.2 Maces & Flails
 + Level 3.2 Polearms
 + Level 3.2 Staves
 + Level 3.2 Slings
 + Level 3.2 Bows
 + Level 3.2 Crossbows
 + Level 3.2 Throwing
 + Level 5.6 Armour
 + Level 4.2 Dodging
 + Level 3.2 Stealth
 + Level 3.2 Shields
 + Level 3.2 Unarmed Combat
 + Level 3.2 Spellcasting
 + Level 2.6 Conjurations
 + Level 2.6 Hexes
 + Level 2.6 Summonings
 + Level 2.6 Necromancy
 + Level 2.6 Translocations
 + Level 2.6 Transmutations
 + Level 2.6 Fire Magic
 + Level 2.6 Ice Magic
 + Level 2.6 Air Magic
 + Level 2.6 Earth Magic
 + Level 2.6 Poison Magic
 + Level 5.9 Invocations
 + Level 3.2 Evocations


You had 13 spell levels left.
You didn't know any spells.
Your spell library contained the following spells:

 Spells                   Type           Power      Damage    Failure   Level
 Freeze                   Ice            28%        1d5       100%        1
 Summon Small Mammal      Summ           28%        N/A       100%        1
 Call Canine Familiar     Summ           7%         N/A       100%        3
 Frozen Ramparts          Ice            14%        1d3       100%        3
 Summon Guardian Golem    Hex/Summ       7%         N/A       100%        3
 Hailstorm                Conj/Ice       7%         3d4       100%        4


Dungeon Overview and Level Annotations

Branches:
Dungeon (5/15)             Temple (0/1) D:4

Altars:
Cheibriados
Elyvilon
Hepliaklqana
Kikubaaqudgha
Nemelex Xobeh
Sif Muna
Zin


Innate Abilities, Weirdness & Mutations

You have very sharp teeth.
Your uncanny sense of smell can sniff out nearby items.
Your experience applies equally to all skills.


Message History

Throw: 36 darts (poison)
Press: ? - help, Q - select action, (/) - cycle Shift-Dir - straight line, f/p - two-headed ogre
Aim: a two-headed ogre, wielding a +0 giant spiked club and a +0 giant club (moderately wounded, very poisoned, 75% to hit)
You throw a poisoned dart.
The poisoned dart hits the two-headed ogre.
The two-headed ogre looks even sicker.
The two-headed ogre is moderately wounded.
The two-headed ogre hits you with a +0 giant spiked club.
You block the two-headed ogre's attack.
There is an open door here.
You see here a poisoned dart.
Found a forked fluorescent wand.
Found a glowing silver altar of Zin.
You see here a poisoned dart.
You open the door.
The two-headed ogre looks more healthy.
The two-headed ogre hits you with a +0 giant spiked club.
You block the two-headed ogre's attack.
There is an open door here.
Found a scroll labelled DYUNLI SERAXIF.
Found a potion of curing.
Found 13 arrows.
Throw: 35 darts (poison)
Press: ? - help, Q - select action, (/) - cycle Shift-Dir - straight line, f/p - two-headed ogre
Aim: a two-headed ogre, wielding a +0 giant spiked club and a +0 giant club (moderately wounded, 74% to hit)
You throw a poisoned dart.
The poisoned dart hits the two-headed ogre.
The two-headed ogre is moderately wounded.
Throw: 34 darts (poison)
Press: ? - help, Q - select action, (/) - cycle Shift-Dir - straight line, f/p - two-headed ogre
Aim: a two-headed ogre, wielding a +0 giant spiked club and a +0 giant club (moderately wounded, 75% to hit)
You throw a poisoned dart.
The poisoned dart hits the two-headed ogre.
The two-headed ogre is poisoned.
The two-headed ogre is moderately wounded.
The two-headed ogre hits you with a +0 giant spiked club!
The two-headed ogre hits you with a +0 giant club!!
* * * LOW HITPOINT WARNING * * *
Okay, then.
You feel better.
The two-headed ogre hits you with a +0 giant spiked club!!
You die...

#.....###.♣...$(♣
#.........♣'♣♣♣(♣#
##...?.##...# #..#
##....########.##
#...(## #..#
#.....# ##.##
#.....## #..#
#...O..# ##.##
#...@..###..#
#.......##.##
#.......#(.#
##.........<#
#..........##
#..........#
###.........##
#...........# #.
##....(.....### ..


You could see a two-headed ogre (poisoned).

Vanquished Creatures
  A water moccasin (D:4)
  An orc warrior (D:4)
  2 black bears (D:4)
  A centaur (D:3)
  A bullfrog (D:4)
  3 hounds (D:4)
  An iguana (D:5)
  A hound skeleton (D:4)
  5 adders
  7 gnolls (D:3)
  An ufetubus (D:4)
  A worm (D:3)
  7 orcs
  2 ball pythons (D:2)
  5 bats
  10 endoplasms
  3 giant cockroaches
  2 goblins (D:1)
  9 hobgoblins
  3 kobolds
  3 quokkas
  3 frilled lizards
72 creatures vanquished.

Vanquished Creatures (collateral kills)
  A smoke demon (Abyss:2)
  A starspawn tentacle (Abyss:2)
2 creatures vanquished.

Vanquished Creatures (others)
  7 starspawn tentacles (Abyss:2)
7 creatures vanquished.

Grand Total: 81 creatures vanquished

Notes
Turn   | Place    | Note
-------+----------+-------------------------------------------
     0 | Abyss:1  | Gargoyl the Gnoll Abyssal Knight began the quest for the
                  | Orb.
     0 | Abyss:1  | Reached XP level 1. HP: 23/23 MP: 3/3
    71 | Abyss:2  | Found a corrupted altar of Lugonu.
    74 | Abyss:2  | Noticed a smoke demon
    79 | Abyss:2  | Killed a smoke demon
    80 | Abyss:2  | Reached skill level 5 in Axes
    80 | Abyss:2  | Reached skill level 5 in Armour
    80 | Abyss:2  | Reached skill level 1 in Conjurations
    80 | Abyss:2  | Reached skill level 1 in Hexes
    80 | Abyss:2  | Reached skill level 1 in Summonings
    80 | Abyss:2  | Reached skill level 1 in Necromancy
    80 | Abyss:2  | Reached skill level 1 in Translocations
    80 | Abyss:2  | Reached skill level 1 in Transmutations
    80 | Abyss:2  | Reached skill level 1 in Fire Magic
    80 | Abyss:2  | Reached skill level 1 in Ice Magic
    80 | Abyss:2  | Reached skill level 1 in Air Magic
    80 | Abyss:2  | Reached skill level 1 in Earth Magic
    80 | Abyss:2  | Reached skill level 1 in Poison Magic
    80 | Abyss:2  | Reached skill level 5 in Invocations
    80 | Abyss:2  | Reached XP level 2. HP: 13/29 MP: 3/5
    80 | Abyss:2  | Reached XP level 3. HP: 16/35 MP: 3/6
    80 | Abyss:2  | Reached XP level 4. HP: 19/41 MP: 3/7
    80 | Abyss:2  | Reached XP level 5. HP: 21/47 MP: 3/8
    80 | Abyss:2  | Reached XP level 6. HP: 24/53 MP: 3/9
    98 | Abyss:2  | Noticed a tentacled starspawn
   124 | Abyss:2  | Noticed a thrashing horror
   126 | D:1      | Escaped the Abyss
   518 | D:1      | Found a faded altar of an unknown god.
  1304 | D:2      | Reached * piety under Lugonu
  1784 | D:3      | Found a shimmering blue altar of Sif Muna.
  1832 | D:3      | Found a hazy altar of Hepliaklqana.
  1874 | D:3      | Found an ancient bone altar of Kikubaaqudgha.
  1893 | D:3      | Reached XP level 7. HP: 59/59 MP: 10/10
  2203 | D:3      | Reached skill level 7 in Fighting
  2780 | D:4      | Found a snail-covered altar of Cheibriados.
  2909 | D:4      | Found a sparkling altar of Nemelex Xobeh.
  3027 | D:4      | Found a white marble altar of Elyvilon.
  3039 | D:4      | Reached ** piety under Lugonu
  3065 | D:4      | Reached XP level 8. HP: 65/67 MP: 12/12
  3087 | D:4      | Found a staircase to the Ecumenical Temple.
  4263 | D:5      | Entered Level 5 of the Dungeon
  4396 | D:5      | Noticed a two-headed ogre
  4435 | D:5      | Found a glowing silver altar of Zin.
  4453 | D:5      | HP: 2/67 [two-headed ogre (19)]
  4457 | D:5      | Demolished by a two-headed ogre

Illustrated notes

Levels and vault maps discovered:
D:1:      lightli_molten_gateway, layout_basic, basic_ecumenical_altar,
          wad_floor_pattern_untrapped, kennysheep_small_spiral
D:2:      layout_rooms, minmay_misc_feat_rugged
D:3:      layout_loops_cross, mainiacjoe_overflow_brackets, marbit_many_paths,
          general_overflow_altar
D:4:      layout_basic, nicolae_elyvilon_peaceful_grove,
          nemelex_spade_bored_becter, lemuel_doored_altar,
          minmay_temple_entry_glassed_door, grunt_ministairs_14
D:5:      layout_cave_pods, mainiacjoe_overflow_six_doors_small,
          grunt_qazlal_clouds

Skill      XL: |  1  2  3  4  5  6  7  8 |
---------------+-------------------------+-----
Short Blades   | 2 3 |  3.2
Long Blades    | 2 3 |  3.2
Axes           | 5 |  5.6
Maces & Flails | 2 3 |  3.2
Polearms       | 2 3 |  3.2
Staves         | 2 3 |  3.2
Slings         | 2 3 |  3.2
Bows           | 2 3 |  3.2
Crossbows      | 2 3 |  3.2
Throwing       | 2 3 |  3.2
Armour         | 5 |  5.6
Dodging        | 3 4 |  4.2
Stealth        | 2 3 |  3.2
Shields        | 2 3 |  3.2
Unarmed Combat | 2 3 |  3.2
Spellcasting   | 2 3 |  3.2
Conjurations   | 1 2 |  2.6
Hexes          | 1 2 |  2.6
Summonings     | 1 2 |  2.6
Necromancy     | 1 2 |  2.6
Translocations | 1 2 |  2.6
Transmutations | 1 2 |  2.6
Fire Magic     | 1 2 |  2.6
Ice Magic      | 1 2 |  2.6
Air Magic      | 1 2 |  2.6
Earth Magic    | 1 2 |  2.6
Poison Magic   | 1 2 |  2.6
Invocations    | 5 |  5.9
Evocations     | 2 3 |  3.2
Fighting       | 7 |  7.3

Action                   |  1- 3 |  4- 6 |  7- 9 || total
-------------------------+-------+-------+-------++-------
Melee: Trident           |       |    53 |    62 ||   115
       Hand axe          |       |    41 |    44 ||    85
       Bite              |       |     2 |    10 ||    12
       Punch             |       |       |     1 ||     1
Throw: Dart              |       |       |    13 ||    13
Invok: Depart the Abyss  |       |     1 |       ||     1
       Bend Space        |       |       |     1 ||     1
  Use: Scroll            |     1 |       |     6 ||     7
       Potion            |     1 |       |     1 ||     2
Armor: Chain mail        |       |    56 |    62 ||   118
       Leather armour    |       |     3 |       ||     3
       Plate armour      |       |       |    21 ||    21
Dodge: Dodged            |       |    34 |    45 ||    79
Block: Buckler           |       |       |     3 ||     3

Table legend: (Time is in decaauts)
 A = Elapsed time spent in this place.
 B = Non-inter-level travel time spent in this place.
 C = Inter-level travel time spent in this place.
 D = Time resting spent in this place.
 E = Time spent auto-exploring this place.
 F = Levels seen in this place.
 G = Mean time per level.
                   A        B        C        D        E       F      G
               +--------+--------+--------+--------+--------+-----+--------+
         Total |   4480 |   4231 |    249 |    332 |   3105 |   7 |  640.0 |
       Dungeon |   4353 |   4104 |    249 |    332 |   3033 |   5 |  870.6 |
         Abyss |    126 |    126 |      0 |      0 |     72 |   2 |   63.0 |
               +--------+--------+--------+--------+--------+-----+--------+

Top non-repeatable levels by time:
     D:4: 1581 daAuts
     D:3: 1129 daAuts
     D:1: 850 daAuts
     D:2: 599 daAuts
     D:5: 192 daAuts
 Abyss:2: 84 daAuts
 Abyss:1: 42 daAuts
